 Dungeon Crawl Stone Soup version 0.14-a0-3491-gb7ac591 (webtiles) character file.

129139 Froboctopus the Earth Mage (level 16, -13/129 HPs)
             Began as a Deep Dwarf Earth Elementalist on Mar 25, 2014.
             Was the Champion of Makhleb.
             Killed by Shatter
             ... invoked by Jorgrun
              (45 damage)
             ... on Level 3 of the Spider Nest.
             The game lasted 03:05:19 (37752 turns).

Froboctopus the Earth Mage (DDEE)                  Turns: 37752, Time: 03:05:19

HP -13/129       AC 12     Str 16      XL: 16   Next: 43%
MP   2/32        EV 22     Int 26      God: Makhleb [******]
Gold 2677        SH 12     Dex 15      Spells:  8 memorised,  6 levels left

rFire  . . .     SeeInvis .     Q - +6,+5 war axe "Suyric" {freeze, rElec rPois MR++ Int-1}
rCold  + . .     Clarity  .     V - +3 leather armour "Khiu" {rPois rC+ Dex+2 Int+2}
rNeg   + + .     Conserve +     c - +0 buckler
rPois  +         rCorr    +     u - +0 helmet
rElec  +         rRot     .     L - +0 cloak {rCorr, Cons}
SustAb . .       Spirit   .     q - +2 pair of gloves
rMut   .         Warding  +     K - +0 pair of boots
Saprov . . .     Stasis   .     M - amulet of warding
MR     ++++.                    d - +5 ring of evasion
                                k - +6 ring of intelligence

@: repel missiles, non-regenerating, very slightly contaminated, hasted, very
quick, incredibly resistant to hostile enchantments, fairly stealthy
A: damage resistance, recharge devices, life protection 1, sense surroundings 2,
slow healing 3
a: Device Recharging, Minor Destruction, Lesser Servant of Makhleb, Major
Destruction, Greater Servant of Makhleb, Renounce Religion


You were on level 3 of the Spider Nest.
You worshipped Makhleb.
Makhleb was exalted by your worship.
You were not hungry.

You visited 4 branches of the dungeon, and saw 30 of its levels.
You also visited: Labyrinth and Sewer.

You collected 2789 gold pieces.
You spent 112 gold pieces at shops.

Inventory:

Hand weapons
 I - a +0,+2 hand axe of electrocution
 Q - the +6,+5 war axe "Suyric" (weapon) {freeze, rElec rPois MR++ Int-1}
   (You found it on level 13 of the Dungeon)

   It has been specially enchanted to freeze those struck by it, causing extra
   injury to most foes and up to double damage against particularly susceptible
   opponents.
   It can also slow down cold-blooded creatures.
   It affects your intelligence (-1).
   It insulates you from electricity.
   It protects you from poison.
   It affects your resistance to hostile enchantments.
Missiles
 b - 30 stones (quivered)
Armour
 c - a +0 buckler (worn)
 q - a +2 pair of gloves (worn)
 u - a +0 helmet (worn)
 K - a +0 pair of boots (worn)
 L - a +0 cloak of preservation (worn)
 V - the +3 leather armour "Khiu" (worn) {rPois rC+ Dex+2 Int+2}
   (You took it off an orc on level 9 of the Dungeon)

   It affects your intelligence (+2).
   It affects your dexterity (+2).
   It protects you from cold.
   It protects you from poison.
Magical devices
 a - a wand of heal wounds (1)
 i - a wand of digging (2)
 l - a wand of hasting (4)
 B - a wand of cold (4)
 C - a wand of disintegration (7)
 U - a wand of confusion (14)
Comestibles
 f - 3 bread rations
 E - 4 meat rations
 N - 3 pears
 R - a banana
Scrolls
 m - 4 scrolls of remove curse
 n - 2 scrolls of fog
 o - a scroll of enchant weapon III {unknown}
 v - a scroll of holy word
 w - 6 scrolls of teleportation
 z - 2 scrolls of magic mapping
 G - 2 scrolls of fear
 J - 7 scrolls of identify
 W - 2 scrolls of amnesia
 X - a scroll of blinking
Jewellery
 d - a +5 ring of evasion (right hand)
 k - a +6 ring of intelligence (left hand)
 A - an uncursed ring of wizardry
 M - an amulet of warding (around neck)
 P - an uncursed ring of ice
Potions
 e - a potion of resistance
 g - 5 potions of heal wounds
 h - 2 potions of restore abilities
 j - 9 potions of curing
 p - a potion of porridge
 r - 2 potions of berserk rage
 s - a potion of might
 t - 2 potions of brilliance
 x - 3 potions of agility
 D - 2 potions of haste
 H - 2 potions of flight
Books
 F - a book of Envenomations

   Spells                             Type                      Level
   Spider Form                        Transmutation/Poison         3
   Poison Weapon                      Charms/Poison                3
   Alistair's Intoxication            Transmutation/Poison         4
   Olgreb's Toxic Radiance            Poison                       4
   Poisonous Cloud                    Conjuration/Poison/Air       6
 S - a book of Transfigurations

   Spells                             Type                      Level
   *Stoneskin                         Transmutation/Earth          2
   Ice Form                           Ice/Transmutation            4
   Statue Form                        Transmutation/Earth          6
   Dragon Form                        Transmutation                7
Magical staves
 y - an uncursed staff of power


   Skills:
 + Level 4.4 Fighting
 - Level 10.1 Axes
 - Level 1.3 Armour
 - Level 10.0 Dodging
 - Level 2.4 Stealth
 * Level 7.1 Shields
 + Level 8.5 Spellcasting
 - Level 12.9 Conjurations
 - Level 11.0 Charms
 - Level 0.8 Transmutations
 - Level 19.5 Earth Magic


You had 6 spell levels left.
You knew the following spells:

 Your Spells              Type           Power        Failure   Level  Hunger
a - Sandblast             Erth           ######       0%          1    None
b - Stone Arrow           Conj/Erth      ######       1%          3    None
c - Lee's Rapid Deconstr  Erth           #######...   1%          5    ####...
d - Stoneskin             Trmt/Erth      ######....   1%          2    None
e - Repel Missiles        Chrm/Air       #####.       1%          2    None
f - Shroud of Golubria    Chrm/Tloc      #####.....   1%          2    None
g - Haste                 Chrm           ######..     12%         6    ######.
h - Bolt of Magma         Conj/Fire/Erth ######....   1%          5    ####...


Dungeon Overview and Level Annotations

Branches:
Dungeon (15/15)            Temple (0/1) D:4             Orc (4/4) D:11
    Elf (0/3) Orc:3          Lair (8/8) D:10         Shoals (0/5) Lair:4
 Spider (3/5) Lair:6        Slime (0/6) Lair:8       Vaults (0/5) D:14
 Depths (0/5) D:15

Altars:
Fedhas
Kikubaaqudgha
Makhleb
Okawaru
Trog
Vehumet
Zin

Shops:
D:12 !   D:14 :   Orc:2 [   Orc:4 *([=?

Portals:
Trove: D:13 (give +4,+5 demon blade)

Annotations:
D:4 Duvessa
D:8 exclusion: oklob sapling
Spider:3 Jorgrun


Innate Abilities, Weirdness & Mutations

You are resistant to damage.
You can recharge devices by infusing magical energy.
You resist negative energy.
You passively map the area around you.
You do not heal naturally.


Message History

Jorgrun partially resists.
Jorgrun is almost dead.
Casting: Bolt of Magma
Confirm with . or Enter, or press ? or * to list all spells.
Okay, then.
You barely miss Jorgrun.
Jorgrun is almost dead.
Jorgrun hits you but does no damage.
You hit Jorgrun. You freeze Jorgrun.
Jorgrun is almost dead.
You slash Jorgrun! You freeze Jorgrun.
Jorgrun is almost dead.
Jorgrun casts a spell at you. You resist with almost no effort.
You miss Jorgrun.
Jorgrun is almost dead.
Jorgrun mumbles some strange words.
The dungeon rumbles around Jorgrun!
You shudder from the earth-shattering force.
You die...

..###........, ≈ , ,
..#..........#
.........)..... , *,
..!#^......... *,** *
............####**
,,................##
,*,,..>.%......<....^#
*, ^.......%........#
............q@...## ,
.#.........^...##
$..............##
......!.....###
.#........^## ,
##.......^# ,
#≈.......## *
#^.....## ##.####


You could see Jorgrun.

Vanquished Creatures
  Kirke (D:14)
  A fire giant (D:15)
  Aizul (Spider:3)
  A stone giant (D:12)
  A minotaur (Lab)
  Josephine (D:11)
  A fire dragon (Lair:8)
  Fannar (D:11)
  Harold (D:11)
  4 hydras
  Nessos (D:14)
  2 dancing weapons (D:14)
  Erica (D:14)
  17 death yaks
  3 orc high priests (Orc:4)
  A centaur warrior (D:14)
  2 catoblepae
  A wizard (D:13)
  2 unseen horrors
  7 hill giants
  5 orc knights
  7 orb spiders
  The ghost of Meowch the Covert, an experienced FeVM of Nemelex Xobeh (D:6)
  2 lindwurms (Lair:8)
  2 manticores
  14 wolf spiders
  2 griffons
  17 elephants
  3 cyclopes
  4 orc sorcerers (Orc:4)
  A guardian serpent (Lair:8)
  A red wasp (Spider:2)
  8 black mambas
  A feature mimic (D:12)
  An item mimic (D:9)
  A queen ant (Lair:4)
  15 spiny frogs
  2 gargoyles
  A centaur zombie (D:11)
  A kobold demonologist (D:11)
  3 fire drakes
  4 demonic crawlers
  3 trolls
  A centaur skeleton (D:12)
  4 giant fireflies (Lair:8)
  13 komodo dragons
  2 giant leeches (Lair:8)
  A tengu conjurer (D:12)
  5 boggarts (D:14)
  A polar bear (shapeshifter) (D:12)
  10 blink frogs
  4 two-headed ogres
  6 slime creatures (D:12)
  10 jumping spiders
  A trapdoor spider zombie (D:11)
  2 shadows
  2 boulder beetles
  2 basilisks
  11 tarantellas
  8 trapdoor spiders
  34 redbacks
  53 yaks
  12 sharks
  2 hill giant zombies
  A human (D:14)
  32 ugly things
  2 wraiths
  7 elephant slugs
  5 wyverns
  Eustachio (D:8)
  14 hippogriffs
  2 hungry ghosts
  A steam dragon (D:8)
  7 porcupines
  Menkaure (D:5)
  16 soldier ants (Lair:4)
  18 water moccasins
  A mottled dragon (D:15)
  6 giant goldfish
  3 wargs
  4 vampire mosquitoes (D:15)
  Purgy (Sewer)
  20 spiders
  4 ice beasts
  8 ogres
  3 black bears
  4 yellow wasps
  18 orc warriors
  4 sky beasts
  A boring beetle (Spider:3)
  4 centaurs
  9 crocodiles
  6 phantoms
  Sigmund (D:2)
  3 big kobolds
  10 giant frogs
  12 giant slugs
  6 brain worms
  Blork the orc (D:9)
  A cyclops zombie (D:11)
  A gnoll sergeant (D:9)
  3 scorpions
  10 killer bees
  A yak skeleton (Orc:4)
  18 wights
  4 crimson imps
  18 jellies
  7 electric eels
  6 goliath beetles
  A giant frog zombie (D:11)
  Dowan (D:4)
  12 big fish
  Crazy Yiuf (D:5)
  2 giant frog skeletons
  14 hounds
  23 orc priests
  21 orc wizards
  24 worker ants
  A gnoll shaman (D:7)
  5 iguanas
  13 sheep
  A killer bee zombie (D:11)
  Ijyb (D:2)
  Jessica (D:2)
  A big kobold skeleton (D:9)
  A hound skeleton (D:11)
  19 gnolls
  A mottled dragon simulacrum (D:11)
  An orc zombie (D:7)
  A scorpion zombie (D:10)
  29 adders
  22 green rats
  2 shadow imps
  A white imp (D:8)
  4 giant mites
  21 worms
  An ufetubus (D:8)
  4 wandering mushrooms (D:8)
  2 giant eyeballs
  12 giant geckos
  5 oozes
  167 orcs
  23 bats
  A bat skeleton (D:6)
  6 giant cockroaches
  17 hobgoblins
  18 jackals
  11 quokkas
  2 ball pythons
  A giant gecko skeleton (D:4)
  A giant gecko zombie (D:5)
  9 giant newts
  A giant spore (D:9)
  20 goblins
  2 goblin skeletons
  26 kobolds
  A quokka zombie (D:7)
  20 rats
  6 rat skeletons
  40 ballistomycetes
  6 fungi
  10 plants
1274 creatures vanquished.

Vanquished Creatures (others)
  A death yak (Lair:8)
  2 spiny frogs (Lair:8)
  3 humans (D:14)
  A water moccasin (Lair:8)
  2 spiders (Lair:8)
  A crocodile (Lair:8)
  A big kobold (D:14)
  An orc priest (Orc:4)
  An orc wizard (D:6)
  6 kobolds
  A giant spore (D:12)
  2 rat skeletons (Orc:4)
  A bush (Lair:8)
  27 fungi
  32 plants
82 creatures vanquished.

Grand Total: 1356 creatures vanquished

Notes
Turn   | Place    | Note
--------------------------------------------------------------
     0 | D:1      | Froboctopus, the Deep Dwarf Earth Elementalist, began the quest for the Orb.
     0 | D:1      | Reached XP level 1. HP: 15/15 MP: 2/2
   249 | D:1      | Reached XP level 2. HP: 7/22 MP: 0/4
   741 | D:1      | Reached XP level 3. HP: 26/28 MP: 3/6
   820 | D:2      | Learned a level 3 spell: Stone Arrow
   938 | D:2      | Noticed Sigmund
  1032 | D:2      | Noticed Jessica
  1050 | D:2      | Noticed Ijyb
  1110 | D:2      | Killed Jessica
  1110 | D:2      | Reached skill level 1 in Conjurations
  1110 | D:2      | Reached skill level 5 in Earth Magic
  1115 | D:2      | Killed Ijyb
  1115 | D:2      | Reached XP level 4. HP: 32/36 MP: 1/8
  1396 | D:2      | Found a radiant altar of Vehumet.
  1527 | D:2      | Killed Sigmund
  1527 | D:2      | Reached XP level 5. HP: 10/42 MP: 4/11
  1539 | D:2      | Learned a level 5 spell: Lee's Rapid Deconstruction
  1899 | D:3      | Reached skill level 6 in Earth Magic
  2388 | D:3      | Reached XP level 6. HP: 21/49 MP: 2/13
  2560 | D:4      | Noticed Duvessa
  2619 | D:4      | Reached skill level 7 in Earth Magic
  2623 | D:4      | Found a burning altar of Makhleb.
  2629 | D:4      | Became a worshipper of Makhleb the Destroyer
  2743 | D:4      | Paralysed by a giant eyeball for 3 turns
  2749 | D:4      | Paralysed by a giant eyeball for 4 turns
  2757 | D:4      | Found a staircase to the Ecumenical Temple.
  3068 | D:4      | Reached XP level 7. HP: 39/55 MP: 10/17
  3209 | D:4      | Acquired Makhleb's first power
  3322 | D:4      | Got an ancient leather armour
  3329 | D:4      | Identified the cursed -6 leather armour of Lugonu's Favour {rElec rN+ Curse} (You found it on level 4 of the Dungeon)
  3365 | D:4      | Noticed Dowan
  3519 | D:4      | Killed Dowan
  3519 | D:4      | Reached skill level 8 in Earth Magic
  3661 | D:5      | Entered Level 5 of the Dungeon
  3930 | D:5      | Found a glowing drain.
  3939 | Sewer    | Entered a sewer
  4019 | Sewer    | Noticed Purgy
  4029 | Sewer    | Killed Purgy
  4029 | Sewer    | Reached skill level 5 in Spellcasting
  4147 | D:5      | Noticed Menkaure
  4152 | D:5      | Killed Menkaure
  4152 | D:5      | Reached skill level 9 in Earth Magic
  4515 | D:5      | Noticed Crazy Yiuf
  4523 | D:5      | Killed Crazy Yiuf
  4523 | D:5      | Reached XP level 8. HP: 41/62 MP: 5/20
  4706 | D:6      | Noticed Meowch's ghost (experienced FeVM)
  4753 | D:6      | Got a transparent steel amulet
  4806 | D:6      | Learned a level 2 spell: Stoneskin
  4809 | D:6      | Acquired Makhleb's second power
  4877 | D:6      | Reached skill level 10 in Earth Magic
  5009 | D:6      | Found an iron altar of Okawaru.
  5072 | D:6      | Killed Meowch's ghost
  5072 | D:6      | Reached skill level 11 in Earth Magic
  5072 | D:6      | Gained mutation: You passively map the area around you. [level up]
  5072 | D:6      | Reached XP level 9. HP: 30/68 MP: 0/24
  5322 | D:7      | Found an ancient bone altar of Kikubaaqudgha.
  5428 | D:7      | Reached skill level 12 in Earth Magic
  5485 | D:7      | Learned a level 2 spell: Repel Missiles
  5488 | D:7      | Learned a level 2 spell: Shroud of Golubria
  5528 | D:7      | Acquired Makhleb's third power
  6092 | D:7      | Paralysed by a giant eyeball for 4 turns
  6237 | D:8      | Noticed Eustachio
  6360 | D:8      | Killed Eustachio
  6360 | D:8      | Reached skill level 1 in Charms
  6580 | D:8      | Acquired Makhleb's fourth power
  6834 | D:8      | Reached XP level 10. HP: 33/75 MP: 18/25
  6839 | D:8      | Found a glowing silver altar of Zin.
  6839 | D:8      | Noticed an angel
  6996 | D:8      | Reached skill level 5 in Dodging
  6996 | D:8      | Reached skill level 13 in Earth Magic
  7292 | D:9      | HP: 2/75 [white ugly thing (18)]
  7315 | D:8      | Identified the amulet of Duriann {Gourm -Tele} (You found it on level 6 of the Dungeon)
  7413 | D:8      | Found a blossoming altar of Fedhas.
  7609 | D:9      | Noticed a hill giant
  7752 | D:9      | Reached skill level 5 in Charms
  8000 | D:9      | Killed a hill giant
  8086 | D:9      | Noticed Blork the orc
  8170 | D:9      | Killed Blork the orc
  8170 | D:9      | Acquired Makhleb's fifth power
  8275 | D:9      | Got a bloodstained leather armour
  8283 | D:9      | Identified the +3 leather armour "Khiu" {rPois rC+ Dex+2 Int+2} (You took it off an orc on level 9 of the Dungeon)
  8457 | D:10     | Entered Level 10 of the Dungeon
  8492 | D:10     | Found a staircase to the Lair.
  8493 | D:10     | Noticed an elephant
  8561 | D:10     | Noticed a cyclops
  8574 | D:10     | Killed an elephant
  8682 | D:10     | Noticed a hill giant
  8710 | D:10     | Reached XP level 11. HP: 27/81 MP: 7/27
  8762 | D:9      | Reached skill level 14 in Earth Magic
  9760 | D:10     | Learned a level 6 spell: Haste
 10084 | D:10     | Killed a hill giant
 10190 | D:10     | Killed an unseen horror
 10384 | D:10     | Killed a cyclops
 10410 | Lair:1   | Entered Level 1 of the Lair of Beasts
 12215 | Lair:3   | Reached skill level 15 in Earth Magic
 12238 | Lair:3   | Reached XP level 12. HP: 88/88 MP: 11/27
 13009 | Lair:3   | Got a brightly glowing sling
 13010 | Lair:3   | Identified the cursed -2,+6 sling of Internal Strife {flame, SInv} (You found it on level 3 of the Lair of Beasts)
 13514 | Lair:4   | Reached skill level 10 in Charms
 14600 | Lair:4   | Found a staircase to the Shoals.
 14732 | Lair:4   | Reached skill level 10 in Dodging
 14825 | Lair:4   | Reached skill level 1 in Axes
 15853 | Lair:4   | Reached skill level 16 in Earth Magic
 16023 | Lair:5   | Reached skill level 1 in Armour
 16089 | Lair:5   | Noticed a five-headed hydra
 16165 | Lair:5   | Killed a five-headed hydra
 16165 | Lair:5   | Reached skill level 1 in Fighting
 16173 | Lair:5   | Reached XP level 13. HP: 98/98 MP: 8/28
 16307 | Lair:5   | Learned a level 5 spell: Bolt of Magma
 16791 | Lair:5   | Noticed a seven-headed hydra
 16805 | Lair:5   | Killed a seven-headed hydra
 16805 | Lair:5   | Reached skill level 5 in Axes
 18096 | Lair:6   | Reached skill level 5 in Conjurations
 18601 | Lair:6   | Found a hole to the Spider Nest.
 18685 | Lair:6   | Reached skill level 17 in Earth Magic
 19389 | Lair:7   | Found a labyrinth entrance.
 19496 | Lab      | Entered a labyrinth
 20359 | Lab      | Identified the Volume of Flying Combat Magic (You found it in a labyrinth)
 20367 | Lab      | Identified a +0 cloak of preservation (You found it in a labyrinth)
 21616 | Lair:8   | Entered Level 8 of the Lair of Beasts
 21620 | Lair:8   | Gained mutation: You resist negative energy. [level up]
 21620 | Lair:8   | Reached XP level 14. HP: 105/105 MP: 16/29
 21709 | Lair:8   | Found a staircase to the Slime Pits.
 22462 | Lair:8   | HP: 4/105 [death yak (21)]
 23865 | Lair:8   | Reached skill level 18 in Earth Magic
 24456 | Lair:8   | Reached skill level 10 in Conjurations
 25692 | D:11     | Noticed Josephine
 25692 | D:11     | Noticed Harold
 25704 | D:11     | Killed Harold
 25705 | D:11     | Killed Josephine
 25931 | D:11     | Noticed Fannar
 25932 | D:11     | Found a staircase to the Orcish Mines.
 25942 | D:11     | Killed Fannar
 26385 | D:11     | Reached XP level 15. HP: 111/111 MP: 15/30
 26697 | Orc:1    | Entered Level 1 of the Orcish Mines
 27221 | Orc:2    | Found Qixa's Antique Armour Boutique.
 28134 | Orc:3    | Found a staircase to the Elven Halls.
 28407 | Orc:4    | Entered Level 4 of the Orcish Mines
 28419 | Orc:4    | Reached skill level 10 in Axes
 28445 | Orc:4    | Found Pnaanej's Assorted Antiques.
 28583 | Orc:4    | Found a bloodstained altar of Trog.
 29753 | Orc:4    | Found Yxzitt's Weapon Emporium.
 29754 | Orc:4    | Found Twoyrram's Magic Scroll Shop.
 29823 | Orc:4    | Found Ifazxuif's Armour Emporium.
 29825 | Orc:4    | Found Xydyfeof's Jewellery Shop.
 29839 | Orc:4    | Bought a scroll of immolation for 52 gold pieces
 29839 | Orc:4    | Bought a scroll of identify for 30 gold pieces
 29839 | Orc:4    | Bought a scroll of identify for 30 gold pieces
 31155 | D:12     | Found Neor's Distillery.
 31479 | D:13     | Reached skill level 19 in Earth Magic
 31488 | D:13     | Found a portal to a secret trove of treasure.
 31690 | D:13     | Got an ichor-stained war axe
 31691 | D:13     | Identified the +6,+5 war axe "Suyric" {freeze, rElec rPois MR++ Int-1} (You found it on level 13 of the Dungeon)
 32008 | D:14     | Noticed Kirke
 32011 | D:14     | Noticed a sphinx
 32012 | D:14     | Killed Kirke
 32617 | D:14     | Noticed Erica
 32627 | D:14     | Killed Erica
 32681 | D:14     | Noticed Nessos
 32702 | D:14     | Killed Nessos
 33086 | D:14     | Found a gate to the Vaults.
 33136 | D:14     | Found Saevun's Book Shop.
 33548 | D:15     | Entered Level 15 of the Dungeon
 33873 | D:15     | Found a staircase to the Depths.
 34697 | Spider:1 | Entered Level 1 of the Spider Nest
 34758 | Spider:1 | Reached skill level 1 in Shields
 34931 | Spider:1 | Reached XP level 16. HP: 66/121 MP: 28/31
 36106 | Spider:2 | Reached skill level 5 in Shields
 37398 | Spider:3 | Noticed Jorgrun
 37564 | Spider:3 | Noticed Aizul
 37586 | Spider:3 | Killed Aizul
 37752 | Spider:3 | Killed from afar by Jorgrun

Action                   |  1- 3 |  4- 6 |  7- 9 | 10-12 | 13-15 | 16-18 || total
-------------------------+-------+-------+-------+-------+-------+-------++-------
Melee: Unarmed           |     2 |       |       |       |       |       ||     2
       Dagger            |    14 |       |       |       |       |       ||    14
       Whip              |     8 |    43 |     4 |       |       |       ||    55
       Hand axe          |       |       |    45 |   254 |   999 |    11 ||  1309
       Spear             |       |       |     1 |       |       |       ||     1
       Staff             |       |       |       |       |     7 |       ||     7
       War axe           |       |       |       |       |   167 |   227 ||   394
       Battleaxe         |       |       |       |       |    22 |       ||    22
Throw: Stone             |     2 |       |       |       |     1 |     1 ||     4
 Cast: Sandblast         |    60 |   140 |   124 |   179 |    28 |     2 ||   533
       Stone Arrow       |       |     1 |    51 |   229 |   414 |    87 ||   782
       Lee's Rapid Decon |       |       |    15 |    85 |   114 |     9 ||   223
       Stoneskin         |       |       |     4 |     3 |       |       ||     7
       Repel Missiles    |       |       |     1 |       |     4 |     1 ||     6
       Shroud of Golubri |       |       |       |     1 |     1 |       ||     2
       Haste             |       |       |       |     1 |     4 |     2 ||     7
       Bolt of Magma     |       |       |       |       |   123 |    28 ||   151
Evoke: Wand              |     1 |     4 |     6 |    23 |    13 |     6 ||    53
  Use: Scroll            |     3 |     8 |     8 |    12 |    15 |       ||    46
       Potion            |       |       |       |     1 |     4 |       ||     5
 Stab: Sleeping          |       |       |     1 |     2 |     1 |       ||     4
       Distracted        |       |       |       |       |     1 |       ||     1
       Petrified         |       |       |       |       |     1 |       ||     1
